 Dungeon Crawl Stone Soup version 0.30-a0-457-g4b7bca3bfa (webtiles) character file.

Game seed: 15788916779989499672

991 jlumianski the Trooper (level 7, -16/56 HPs)
             Began as a Demonspawn Fighter on Dec 12, 2022.
             Demolished by an ogre
             ... wielding a +0 giant spiked club
              (22 damage)
             ... on level 5 of the Dungeon on Dec 13, 2022.
             The game lasted 00:28:38 (4602 turns).

jlumianski the Trooper (Demonspawn Fighter)         Turns: 4602, Time: 00:28:39

Health: -16/56     AC:  8    Str: 18    XL:     7   Next: 98%
Magic:  7/7        EV: 10    Int:  9    God:
Gold:   358        SH:  0    Dex: 13    Spells: 6/6 levels left

rFire   . . .      SeeInvis .    a - +0 war axe
rCold   + . .      Faith    .    (no shield)
rNeg    . . .      Spirit   .    x - +0 scale mail {rC+}
rPois   .          Reflect  .    l - +0 helmet
rElec   .          Harm     .    (no cloak)
rCorr   .          Rampage  .    (no gloves)
Will    .....                    (no boots)
Stlth   ..........               (no amulet)
HPRegen 0.29/turn                (no ring)
MPRegen 0.10/turn                (no ring)

@: mighty
A: demonic touch 1
a: no special abilities


You were on level 5 of the Dungeon.
You visited 1 branch of the dungeon, and saw 6 of its levels.

You collected 358 gold pieces.

Inventory:

Hand Weapons
 a - a +0 war axe (weapon)
Missiles
 n - 31 stones
 o - a boomerang (quivered)
 p - 2 throwing nets
 A - 5 poisoned darts
Armour
 b - a +0 scale mail
 c - a +1 buckler
 l - a +0 helmet (worn)
 x - a +0 scale mail of cold resistance (worn)
Magical Staves
 j - a staff of air
Jewellery
 i - an amulet of magic regeneration
Wands
 t - a wand of charming (2)
Scrolls
 f - 2 scrolls of blinking
 g - 2 scrolls of amnesia
 h - a scroll of fear {unknown}
 m - a scroll of vulnerability
 q - a scroll of magic mapping {unknown}
 v - a scroll of teleportation
 y - a scroll of torment {unknown}
 B - a scroll of silence {unknown}
Potions
 d - a potion of might
 e - 2 potions of brilliance
 k - a potion of degeneration
 r - 4 potions of ambrosia
 s - a potion of mutation
 u - a potion of berserk rage {unknown}
 w - a potion of heal wounds {unknown}
 z - a potion of flight {unknown}


   Skills:
 * Level 5.5 Fighting
 + Level 5.4 Axes
 + Level 0.7 Throwing
 + Level 4.9 Armour
 + Level 1.6 Dodging
 - Level 3.0 Shields


You had 6 spell levels left.
You didn't know any spells.
Your spell library contained the following spells:

 Spells                   Type           Power      Damage    Failure   Level
 Ozocubu's Armour         Ice            0%         N/A       98%         3
 Ozocubu's Refrigeration  Ice            0%         4d7       100%        7


Dungeon Overview and Level Annotations

Branches:
Dungeon (6/15)
 Temple: D:4-7

Altars:
Fedhas

Shops:
D:2 =


Innate Abilities, Weirdness & Mutations

Your touch may inflict minor irresistible damage on your foes.


Message History

The gnoll hits you with a +0 spear.
You closely miss the gnoll. You punch the gnoll, but do no damage.
The gnoll is almost dead.
The gnoll misses you.
You slash the gnoll!
You kill the gnoll!
Things that are here:
a +0 spear; a gnoll corpse
Things that are here:
a +0 spear; a gnoll corpse
Found a stone staircase leading down.
A hound comes into view.
The hound barks!
An ogre comes into view. It is wielding a +0 giant spiked club.
You hit the hound.
The hound is lightly wounded.
The hound barely misses you. The hound bites you.
You barely miss the hound.
The hound is lightly wounded.
The hound bites you. x2
You closely miss the hound.
The hound is lightly wounded.
The hound barely misses you. The hound closely misses you.
You hit the hound.
The hound is moderately wounded.
You hit the ogre but do no damage. The hound bites you but does no damage.
The ogre hits you with a +0 giant spiked club!!
You slash the hound! You punch the hound.
You kill the hound!
You hit the ogre.
The ogre hits you with a +0 giant spiked club.
You see here a hound corpse.
You hit the ogre.
The ogre is moderately wounded.
The ogre hits you with a +0 giant spiked club!!
* * * LOW HITPOINT WARNING * * *
Unknown command.
You feel very mighty all of a sudden.
The ogre hits you with a +0 giant spiked club!!
You die...

#.# ###..## ##..#
#...## #.... #)###
##....##.# #........#
### ##......###
#..### #.......#
##...<# #.......#
#.....# ......O@#
#.....# >........#
#.....## .........#
#..... #####
.##......#
#....###.... ##....#.
.............
................###..
.........##...# ##...
...######## #....
##....


You could see an ogre.

Vanquished Creatures
  Eustachio (D:4)
  A black bear (D:4)
  A water moccasin (D:5)
  An ice beast (D:4)
  3 scorpions
  A hound (D:5)
  An orc priest (D:3)
  A jelly (D:5)
  Ijyb (D:3)
  An orc wizard (D:4)
  Robin (D:4)
  8 gnolls
  3 adders (D:4)
  4 worms
  3 dart slugs
  7 orcs
  9 endoplasms
  A giant cockroach (D:3)
  19 goblins
  10 hobgoblins
  3 jackals (D:1)
  6 kobolds
  4 quokkas
  3 ball pythons
  7 bats
  3 frilled lizards
  5 rats
108 creatures vanquished.

Vanquished Creatures (others)
  5 fungi (D:1)
  7 plants (D:2)
  3 toadstools (D:1)
  8 withered plants (D:2)
23 creatures vanquished.

Grand Total: 131 creatures vanquished

Notes
Turn   | Place    | Note
-------+----------+-------------------------------------------
     0 | D:1      | jlumianski the Demonspawn Fighter began the quest for the
                  | Orb.
     0 | D:1      | Reached XP level 1. HP: 18/18 MP: 1/1
   265 | D:2      | Gained mutation: Your touch may inflict minor irresistible
                  | damage on your foes. [demonic ancestry]
   265 | D:2      | Reached XP level 2. HP: 20/24 MP: 2/2
   280 | D:2      | Reached XP level 3. HP: 18/29 MP: 3/3
   291 | D:2      | Found Resal's Jewellery Boutique.
  1233 | D:2      | Reached XP level 4. HP: 36/37 MP: 4/4
  1650 | D:2      | Found a faded altar of an unknown god.
  1891 | D:4      | Noticed Robin
  2184 | D:3      | Reached XP level 5. HP: 42/42 MP: 5/5
  2307 | D:3      | Noticed Ijyb
  2310 | D:3      | Killed Ijyb
  2607 | D:4      | Killed Robin
  2722 | D:5      | Entered Level 5 of the Dungeon
  2729 | D:5      | Reached skill level 1 in Dodging
  2878 | D:4      | Reached XP level 6. HP: 48/48 MP: 6/6
  3431 | D:5      | Noticed an ice beast
  3432 | D:5      | Noticed Eustachio
  3497 | D:4      | Found a blossoming altar of Fedhas.
  3833 | D:4      | Killed an ice beast
  3834 | D:4      | Reached skill level 5 in Fighting
  3834 | D:4      | Reached XP level 7. HP: 21/56 MP: 7/7
  3985 | D:4      | Killed Eustachio
  4104 | D:5      | Reached skill level 5 in Axes
  4602 | D:5      | Demolished by an ogre

Illustrated notes

Levels and vault maps discovered:
D:1:      dpeg_arrival_rooms_c, layout_loops_ring, minmay_gold_behind_fungi,
          supply_closet_lemuel, minmay_misc_feat_more_columns
D:2:      layout_loops_ring, serial_shops, shop,
          shapermc_ecumenical_altar_flowoftime, minmay_misc_feat_enclosed
D:3:      layout_loops_cross, mainiacjoe_overflow_brackets, uniq_ijyb
D:4:      layout_basic, overflow_temple_1_default, grunt_ministairs_13,
          uniq_robin
D:5:      layout_cave_pods, mainiacjoe_overflow_surrounded_room, uniq_eustachio
D:6:      layout_rooms, mainiacjoe_overflow_small_starburst, lemuel_round_altar,
          minmay_temple_entry_ruins, uniq_maggie

Skill      XL: |  1  2  3  4  5  6  7 |
---------------+----------------------+-----
Axes           | 2 3 4 5 |  5.4
Shields        | 3 |  3.0
Armour         | 3 4 |  4.9
Fighting       | 4 5 |  5.5
Dodging        | 1 |  1.6
Throwing       | |  0.7

Action                   |  1- 3 |  4- 6 |  7- 9 || total
-------------------------+-------+-------+-------++-------
Melee: War axe           |    81 |   153 |    55 ||   289
       Touch             |     6 |    30 |     8 ||    44
       Punch             |       |     4 |     2 ||     6
Throw: Boomerang         |       |     5 |       ||     5
  Use: Scroll            |       |    13 |       ||    13
       Potion            |       |     1 |     1 ||     2
Armor: Scale mail        |    42 |    83 |    27 ||   152
Dodge: Dodged            |    44 |    87 |    40 ||   171
Block: Buckler           |    14 |       |       ||    14

Table legend: (Time is in decaauts)
 A = Elapsed time spent in this place.
 B = Non-inter-level travel time spent in this place.
 C = Inter-level travel time spent in this place.
 D = Time resting spent in this place.
 E = Time spent auto-exploring this place.
 F = Levels seen in this place.
 G = Mean time per level.
                   A        B        C        D        E       F      G
               +--------+--------+--------+--------+--------+-----+--------+
         Total |   4710 |   4596 |    114 |    633 |   2202 |   6 |  785.0 |
       Dungeon |   4710 |   4596 |    114 |    633 |   2202 |   6 |  785.0 |
               +--------+--------+--------+--------+--------+-----+--------+

Top non-repeatable levels by time:
     D:4: 1538 daAuts
     D:2: 955 daAuts
     D:1: 907 daAuts
     D:3: 728 daAuts
     D:5: 576 daAuts
     D:6: 3 daAuts
